 Dungeon Crawl Stone Soup version 0.30-a0-161-gdd60e06945 (webtiles) character file.

Game seed: 6380562879130724926

254 qw the Chopper (level 6, -1/38 HPs)
             Began as a Gargoyle Fighter on Sept 27, 2022.
             Slain by an ogre
             ... wielding a +0 giant club
              (16 damage)
             ... on level 4 of the Dungeon.
             The game lasted 00:01:27 (3510 turns).

qw the Chopper (Gargoyle Fighter)                   Turns: 3510, Time: 00:01:27

Health: -1/38      AC: 15    Str: 21    XL:     6   Next: 14%
Magic:  6/6        EV:  9    Int:  9    God:
Gold:   245        SH:  4    Dex:  9    Spells: 5/5 levels left

rFire   + + .      SeeInvis .    Y - +3 war axe
rCold   . . .      Faith    .    c - +0 buckler
rNeg    + . .      Spirit   .    b - +0 scale mail
rPois   inf        Reflect  .    i - +1 helmet
rElec   +          Harm     .    (no cloak)
rCorr   .          Rampage  .    j - +1 pair of gloves of Ynuodekirch {rF++}
Will    .....                    (no boots)
Stlth   ..........               (no amulet)
HPRegen 0.12/turn                (no ring)
MPRegen 0.10/turn                (no ring)

@: no status effects
A: sickness immunity, AC +4, negative energy resistance 1, electricity
resistance, torment resistance 1, petrification resistance
a: no special abilities


You were on level 4 of the Dungeon.
You visited 1 branch of the dungeon, and saw 4 of its levels.

You collected 245 gold pieces.


Innate Abilities, Weirdness & Mutations

You are immune to sickness and miasma.
Your stone body is resilient. (AC +4)
You are immune to poison.
You resist negative energy. (rN+)
You are resistant to electric shocks. (rElec)
You are resistant to unholy torment.
You are immune to petrification.


   Skills:
 - Level 4.0 Fighting
 + Level 5.2 Axes
 - Level 3.2 Armour
 - Level 1.0 Dodging
 - Level 3.2 Shields


You had 5 spell levels left.
You didn't know any spells.
Your spell library was empty.

Inventory:

Hand Weapons
 l - a +0 flail
 Y - a +3 war axe (weapon)
Missiles
 m - 2 boomerangs (quivered)
Armour
 b - a +0 scale mail (worn)
 c - a +0 buckler (worn)
 i - a +1 helmet (worn)
 j - the +1 pair of gloves of Ynuodekirch (worn) {rF++}
   (You found it on level 3 of the Dungeon)

   rF:        It greatly protects you from fire.
Scrolls
 a - a scroll of identify
Potions
 d - 5 potions of might
 e - a potion of berserk rage {unknown}
 f - a potion of mutation {unknown}
 g - a potion of curing
 h - 3 potions of haste
 k - a potion of cancellation {unknown}
 n - a potion of flight {unknown}
 o - a potion of resistance {unknown}

Dungeon Overview and Level Annotations

Branches:
Dungeon (4/15)
 Temple: D:4-7

Altars:

Shops:
D:1 :   D:3 [


Message History

3465 ||| FLEEEEING.
There is a stone staircase leading up here.
3468 ||| STAIRDANCE You climb upwards.
There is a stone staircase leading down here.
You start resting.
HP restored.
Done exploring.
(D) Dungeon
Where to? (* - list waypoints, Enter - D:4, ? - help)
What level of the Dungeon? (default 1, ? - help)
You climb downwards.
The ogre shouts!
There is a stone staircase leading up here.
An ogre is nearby!
Throw: 2 boomerangs
Press: ? - help, Q - select action Shift-Dir - straight line, f - ogre You throw a boomerang.
The boomerang hits the ogre.
The ogre is lightly wounded.
Throw: 2 boomerangs
Press: ? - help, Q - select action Shift-Dir - straight line, f/p - ogre You throw a boomerang.
The boomerang barely misses the ogre.
You barely miss the ogre.
The ogre is lightly wounded.
The ogre hits you with a +0 giant club!
You hit the ogre.
The ogre is lightly wounded.
The ogre hits you with a +0 giant club!
You hit the ogre.
The ogre is moderately wounded.
The ogre hits you with a +0 giant club.
You slash the ogre!
The ogre is severely wounded.
You completely miss the ogre.
The ogre is severely wounded.
The ogre barely misses you.
You hit the ogre.
The ogre is almost dead.
The ogre hits you with a +0 giant club!
You die...

## ### .# ##.## .##
#...######### ..# #..#........#
## ..## ###
##.@########.######. #..# #.#
#.O..# ##..>##...# ##.##
##.####....#####.....)####
#...####...#......##.........#
................[............#
..........................##..#
.....###.............###.####.#
.....# ##...........###..# ..#
.#..## ##..........##..## #..


You could see an ogre.

Vanquished Creatures
  A hound (D:4)
  An iguana (D:4)
  2 orc wizards
  4 adders
  A worm (D:3)
  A dart slug (D:2)
  13 orcs
  9 ball pythons
  8 endoplasms
  A giant cockroach (D:2)
  4 goblins
  2 hobgoblins (D:1)
  7 jackals
  7 kobolds
  4 quokkas
  3 bats (D:1)
  2 frilled lizards (D:1)
  5 rats
75 creatures vanquished.

Vanquished Creatures (others)
  An orc wizard (D:4)
1 creature vanquished.

Grand Total: 76 creatures vanquished

Notes
Turn   | Place    | Note
-------+----------+-------------------------------------------
     0 | D:1      | qw the Gargoyle Fighter began the quest for the Orb.
     0 | D:1      | Reached XP level 1. HP: 14/14 MP: 1/1
     0 | D:1      | 0 ||| qw: Version: 0.2-a-10-g37ed214
     0 | D:1      | 0 ||| qw: Game counter: 711
     0 | D:1      | 0 ||| qw: Always use a shield: true
     0 | D:1      | 0 ||| qw: God list: Okawaru
     0 | D:1      | 0 ||| qw: Allow faded altars: false
     0 | D:1      | 0 ||| qw: Do Orc after D:15 true
     0 | D:1      | 0 ||| qw: Do second Lair branch before Depths: true
     0 | D:1      | 0 ||| qw: Lair rune preference: random
     0 | D:1      | 0 ||| qw: Plans: Normal, Zot:1-4, God:TSO, Crypt, Tomb,
                  | Pan, Slime:5, Hells, Abyss, Orb
     0 | D:1      | 0 ||| PLANNING D:1-11
    65 | D:1      | Reached skill level 2 in Axes
   100 | D:1      | 100 ||| Stepping ~*~*~tactically~*~*~ (stealth).
   102 | D:1      | 102 ||| Stepping ~*~*~tactically~*~*~ (stealth).
   122 | D:1      | Reached XP level 2. HP: 13/19 MP: 2/2
   271 | D:1      | 271 ||| Stepping ~*~*~tactically~*~*~ (stealth).
   309 | D:1      | 309 ||| Stepping ~*~*~tactically~*~*~ (stealth).
   311 | D:1      | 311 ||| Stepping ~*~*~tactically~*~*~ (stealth).
   312 | D:1      | 312 ||| Stepping ~*~*~tactically~*~*~ (stealth).
   313 | D:1      | 313 ||| Stepping ~*~*~tactically~*~*~ (stealth).
   317 | D:1      | 317 ||| Stepping ~*~*~tactically~*~*~ (stealth).
   368 | D:1      | 368 ||| Stepping ~*~*~tactically~*~*~ (stealth).
   376 | D:1      | 376 ||| Stepping ~*~*~tactically~*~*~ (stealth).
   377 | D:1      | 377 ||| Stepping ~*~*~tactically~*~*~ (stealth).
   378 | D:1      | 378 ||| Stepping ~*~*~tactically~*~*~ (stealth).
   472 | D:1      | 472 ||| DROPPING +0 club.
   650 | D:1      | Found Pisunel's Book Emporium.
   684 | D:1      | Reached skill level 3 in Axes
   771 | D:1      | 771 ||| READING scroll labelled LOXAELA ITUTEL.
   772 | D:1      | 772 ||| READING scroll labelled BOKKOL HUCIJ.
   776 | D:1      | 776 ||| READING 2 scrolls labelled EBLAUFA NIDESCH.
   777 | D:1      | 777 ||| READING scroll labelled VIESESU ZASITOLYPT.
   778 | D:1      | 778 ||| READING scroll labelled VIAZUSCH GONAI.
   779 | D:1      | 779 ||| DROPPING scroll of noise.
   821 | D:2      | Reached XP level 3. HP: 21/23 MP: 3/3
   863 | D:2      | Found a faded altar of an unknown god.
  1205 | D:2      | You fall into a shaft and drop 2 floors!
  1237 | D:4      | Reached skill level 4 in Axes
  1237 | D:4      | Reached XP level 4. HP: 20/28 MP: 4/4
  1708 | D:4      | Reached XP level 5. HP: 25/32 MP: 5/5
  1874 | D:4      | 1874 ||| UPGRADING to +0 helmet.
  1879 | D:4      | 1879 ||| READING scroll labelled ARUMUBOUNE.
  1880 | D:4      | 1880 ||| READING scroll labelled GESI ZI WOGIR.
  1881 | D:4      | 1881 ||| READING scroll labelled YRUREDI BONWE.
  1932 | D:4      | 1932 ||| READING 2 scrolls labelled UTEIDOH OHOREO.
  1933 | D:4      | 1933 ||| READING scroll of enchant armour.
  1933 | D:4      | 1933 ||| ENCHANTING +0 helmet.
  1934 | D:4      | 1934 ||| READING 3 scrolls labelled XOTOOSMOZUS.
  1935 | D:4      | 1935 ||| READING 2 scrolls of enchant weapon.
  1935 | D:4      | 1935 ||| ENCHANTING +1 war axe.
  1936 | D:4      | 1936 ||| READING scroll of enchant weapon.
  1936 | D:4      | 1936 ||| ENCHANTING +2 war axe.
  1937 | D:4      | 1937 ||| DRINKING 3 fuming emerald potions.
  2008 | D:3      | 2008 ||| Stepping ~*~*~tactically~*~*~ (stealth).
  2277 | D:3      | Identified the +1 pair of gloves of Ynuodekirch {rF++}
  2536 | D:3      | 2536 ||| Stepping ~*~*~tactically~*~*~ (stealth).
  2586 | D:3      | Found Zofef's Antique Armour Shop.
  2602 | D:3      | Reached skill level 5 in Axes
  2749 | D:3      | 2749 ||| DROPPING +0 whip.
  2753 | D:3      | 2753 ||| SHOPLISTING +0 mask of the Dragon {Will+ Slay+3
                  | SInv} (601 gold, have 198).
  3104 | D:3      | 3104 ||| UPGRADING to +1 pair of gloves of Ynuodekirch
                  | {rF++}.
  3109 | D:3      | 3109 ||| DRINKING 2 murky ruby potions.
  3325 | D:4      | 3325 ||| Stepping ~*~*~tactically~*~*~ (hiding).
  3326 | D:4      | 3326 ||| Stepping ~*~*~tactically~*~*~ (hiding).
  3336 | D:4      | 3336 ||| FLEEEEING.
  3337 | D:4      | 3337 ||| FLEEEEING.
  3338 | D:4      | 3338 ||| FLEEEEING.
  3339 | D:4      | 3339 ||| FLEEEEING.
  3340 | D:4      | 3340 ||| FLEEEEING.
  3341 | D:4      | Reached skill level 1 in Dodging
  3341 | D:4      | Reached XP level 6. HP: 31/38 MP: 6/6
  3341 | D:4      | 3341 ||| FLEEEEING.
  3342 | D:4      | 3342 ||| FLEEEEING.
  3343 | D:4      | 3343 ||| FLEEEEING.
  3344 | D:4      | 3344 ||| FLEEEEING.
  3345 | D:4      | 3345 ||| FLEEEEING.
  3346 | D:4      | 3346 ||| FLEEEEING.
  3347 | D:4      | 3347 ||| FLEEEEING.
  3348 | D:4      | 3348 ||| FLEEEEING.
  3349 | D:4      | 3349 ||| STAIRDANCE
  3399 | D:4      | 3399 ||| STAIRDANCE
  3465 | D:4      | 3465 ||| FLEEEEING.
  3468 | D:4      | 3468 ||| STAIRDANCE
  3510 | D:4      | Slain by an ogre

Levels and vault maps discovered:
D:1:      dpeg_arrival_rooms_c, layout_basic, serial_shops, shop, hex_large
D:2:      layout_rooms, basic_ecumenical_altar, minmay_liquid_box
D:3:      layout_basic, serial_shops,
          nicolae_shop_temple_entry_statues_fountains
D:4:      layout_layer_cave, chequers_temple_overflow_minitemple

Skill      XL: |  1  2  3  4  5 |
---------------+----------------+-----
Axes           | 2 3 4 5 |  5.2
Fighting       | 4 |  4.0
Dodging        | 1 |  1.0
Armour         | |  3.2
Shields        | |  3.2

Action                   |  1- 3 |  4- 6 || total
-------------------------+-------+-------++-------
Melee: War axe           |   106 |   147 ||   253
Throw: Boomerang         |       |     4 ||     4
  Use: Scroll            |     5 |     8 ||    13
       Potion            |       |     2 ||     2
Armor: Scale mail        |    49 |    77 ||   126
Dodge: Dodged            |    55 |    52 ||   107
Block: Buckler           |    20 |    25 ||    45

Table legend:
 A = Non-vault XP
 B = Vault XP
 C = Vault XP percentage of total XP
 D = Non-vault monster count
 E = Vault monster count
 F = Vault count percentage of total count
                 A         B        C        D         E       F
            +---------+---------+-------+---------+---------+-------
      Total |     363 |       0 |   0.0 |      76 |       0 |   0.0
            +---------+---------+-------+---------+---------+-------
        D:1 |      33 |       0 |   0.0 |      21 |       0 |   0.0
        D:2 |      34 |       0 |   0.0 |      12 |       0 |   0.0
        D:3 |      99 |       0 |   0.0 |      21 |       0 |   0.0
        D:4 |     197 |       0 |   0.0 |      22 |       0 |   0.0
            +---------+---------+-------+---------+---------+-------
